 Dungeon Crawl Stone Soup version 0.30-a0-377-g5cb311bc9f (webtiles) character file.

Game seed: 17728782727513278353

472 p00ps00p the Shield-Bearer (level 7, -6/60 HPs)
             Began as a Gnoll Fighter on Nov 28, 2022.
             Blown up by Pikel (18 damage)
             ... with a mindburst bolt
             ... on level 4 of the Dungeon.
             The game lasted 00:09:06 (2738 turns).

p00ps00p the Shield-Bearer (Gnoll Fighter)          Turns: 2738, Time: 00:09:07

Health: -6/60      AC: 14    Str: 17    XL:     7   Next: 9%
Magic:  10/10      EV:  7    Int:  8    God:
Gold:   220        SH:  5    Dex: 11    Spells: 10/10 levels left

rFire   . . .      SeeInvis .    a - +0 war axe
rCold   . . .      Faith    .    c - +0 buckler
rNeg    . . .      Spirit   .    r - +0 chain mail
rPois   .          Reflect  .    e - +1 helmet
rElec   .          Harm     .    (no cloak)
rCorr   .          Rampage  .    (no gloves)
Will    .....                    l - +0 pair of boots
Stlth   ..........               (no amulet)
HPRegen 0.30/turn                f - ring of flight
MPRegen 0.12/turn                (no ring)

@: mighty, about to teleport, flying
A: fangs 1, strong nose, distributed training
a: no special abilities


You were on level 4 of the Dungeon.
You visited 1 branch of the dungeon, and saw 4 of its levels.

You collected 220 gold pieces.

Inventory:

Hand Weapons
 a - a +0 war axe (weapon)
Missiles
 m - 6 poisoned darts (quivered)
Armour
 b - a +0 scale mail
 c - a +0 buckler (worn)
 e - a +1 helmet (worn)
 l - a +0 pair of boots (worn)
 p - a +0 pair of boots
 r - a +0 chain mail (worn)
Jewellery
 f - a ring of flight (left hand)
Wands
 i - a wand of roots (10)
 q - a wand of polymorph (5)
Scrolls
 s - a scroll of immolation {unknown}
 t - a scroll of identify
Potions
 g - a potion of lignification {unknown}
 h - a potion of attraction {unknown}
 k - 3 potions of flight {unknown}
 n - a potion of invisibility {unknown}
 o - 2 potions of heal wounds {unknown}


   Skills:
 + Level 7.0 Fighting
 + Level 2.3 Short Blades
 + Level 2.3 Long Blades
 + Level 5.2 Axes
 + Level 2.3 Maces & Flails
 + Level 2.3 Polearms
 + Level 2.3 Staves
 + Level 2.3 Ranged Weapons
 + Level 2.3 Throwing
 + Level 7.0 Armour
 + Level 2.3 Dodging
 + Level 2.3 Stealth
 + Level 7.0 Shields
 + Level 2.3 Unarmed Combat
 + Level 2.3 Spellcasting
 + Level 1.9 Conjurations
 + Level 1.9 Hexes
 + Level 1.9 Summonings
 + Level 1.9 Necromancy
 + Level 1.9 Translocations
 + Level 1.9 Transmutations
 + Level 1.9 Fire Magic
 + Level 1.9 Ice Magic
 + Level 1.9 Air Magic
 + Level 1.9 Earth Magic
 + Level 1.9 Poison Magic
 + Level 2.6 Invocations
 + Level 2.3 Evocations


You had 10 spell levels left.
You didn't know any spells.
Your spell library contained the following spells:

 Spells                   Type           Power      Damage    Failure   Level
 Stone Arrow              Conj/Erth      8%         3d7       100%        3
 Animate Armour           Summ/Erth      8%         N/A       100%        4
 Lehudib's Crystal Spear  Conj/Erth      2%         10d2      100%        8


Dungeon Overview and Level Annotations

Branches:
Dungeon (4/15)
 Temple: D:4-7

Altars:
Ashenzari
Trog
Yredelemnul
Zin
The Shining One

Shops:
D:2 (

Annotations:
D:4 Pikel


Innate Abilities, Weirdness & Mutations

You have very sharp teeth.
Your uncanny sense of smell can sniff out nearby items.
Your experience applies equally to all skills.


Message History

You hit Pikel but do no damage. Pikel barely misses you.
The lemure barely misses you.
You slash the lemure!
The lemure is severely wounded.
You closely miss Pikel. You block Pikel's attack.
The lemure hits you but does no damage.
You slash the lemure!
You kill the lemure!
That felt strangely unrewarding.
You closely miss Pikel.
Pikel says, "You'll make a fine lemure."
Pikel barely misses you.
Pikel hits you with a +1 whip of flaming.
Pikel burns you. The lemure barely misses you.
You feel very mighty all of a sudden. You block the lemure's attack.
Pikel zaps a wand.
Your mind is blasted!
You slice Pikel!! Your bite misses Pikel.
Pikel is heavily wounded.
You closely miss the lemure. The lemure hits you!
* * * LOW HITPOINT WARNING * * *
Pikel says, "Hell isn't that bad."
Pikel hits you with a +1 whip of flaming!
* * * LOW HITPOINT WARNING * * *
Pikel burns you.
* * * LOW HITPOINT WARNING * * *
You feel better. Pikel hits you but does no damage.
The lemure hits you but does no damage.
As you read the scroll of teleportation, it crumbles to dust.
You feel strangely unstable. The lemure hits you but does no damage.
You block Pikel's attack.
You slash Pikel!
Pikel is almost dead.
You slash the lemure! The lemure hits you.
* * * LOW HITPOINT WARNING * * *
Pikel says, "You'll feel the lick of my whip!"
You block Pikel's attack.
You closely miss Pikel.
Pikel is almost dead.
You hit the lemure. The lemure hits you but does no damage.
Pikel zaps a wand.
Your mind is blasted!
You die...

#. #. #.# #. ..# #. ..#
######.#########..# #
##...##..#.(.......##.#
##.....##..#†####r.....#
..........###.###5.....#
.........## ##..@K5....#
###...###.# #.####5....#
###..## ..#.. ....#
.##..# .#.#. .#.# ###..#
.#.#. ..# # #..# .# #.
.# ###..# .# ## # .....#
###..#


You could see Pikel, 3 lemures and a quokka.

Vanquished Creatures
  A lemure (D:4)
  3 orc priests
  Jessica (D:3)
  An iguana (D:3)
  3 orc wizards
  Ijyb (D:2)
  Natasha (thrice) (D:3)
  Robin (D:3)
  6 adders
  2 worms
  3 dart slugs
  7 orcs (D:3)
  6 ball pythons
  7 endoplasms
  A giant cockroach (D:1)
  10 goblins (D:3)
  7 hobgoblins
  4 jackals (D:1)
  A quokka (D:3)
  4 bats
  3 frilled lizards
  6 rats
  A spectral orc (D:4)
82 creatures vanquished.

Notes
Turn   | Place    | Note
-------+----------+-------------------------------------------
     0 | D:1      | p00ps00p the Gnoll Fighter began the quest for the Orb.
     0 | D:1      | Reached XP level 1. HP: 23/23 MP: 1/1
    73 | D:1      | Reached XP level 2. HP: 29/29 MP: 2/2
   808 | D:2      | Reached XP level 3. HP: 35/35 MP: 2/4
   810 | D:2      | Reached skill level 1 in Invocations
   919 | D:2      | Found Buhualyk's Antique Weapon Shop.
   981 | D:2      | Reached skill level 1 in Short Blades
   981 | D:2      | Reached skill level 1 in Long Blades
   981 | D:2      | Reached skill level 1 in Maces & Flails
   981 | D:2      | Reached skill level 1 in Polearms
   981 | D:2      | Reached skill level 1 in Staves
   981 | D:2      | Reached skill level 1 in Ranged Weapons
   981 | D:2      | Reached skill level 1 in Throwing
   981 | D:2      | Reached skill level 1 in Dodging
   981 | D:2      | Reached skill level 1 in Stealth
   981 | D:2      | Reached skill level 1 in Unarmed Combat
   981 | D:2      | Reached skill level 1 in Spellcasting
   981 | D:2      | Reached skill level 1 in Evocations
   993 | D:2      | Reached XP level 4. HP: 41/41 MP: 5/5
  1339 | D:3      | Noticed Ijyb
  1352 | D:2      | Reached skill level 1 in Conjurations
  1352 | D:2      | Reached skill level 1 in Hexes
  1352 | D:2      | Reached skill level 1 in Summonings
  1352 | D:2      | Reached skill level 1 in Necromancy
  1352 | D:2      | Reached skill level 1 in Translocations
  1352 | D:2      | Reached skill level 1 in Transmutations
  1352 | D:2      | Reached skill level 1 in Fire Magic
  1352 | D:2      | Reached skill level 1 in Ice Magic
  1352 | D:2      | Reached skill level 1 in Air Magic
  1352 | D:2      | Reached skill level 1 in Earth Magic
  1352 | D:2      | Reached skill level 1 in Poison Magic
  1438 | D:2      | Killed Ijyb
  1439 | D:2      | Reached XP level 5. HP: 45/47 MP: 5/7
  1466 | D:3      | Noticed Jessica
  1481 | D:3      | Killed Jessica
  1487 | D:3      | Noticed Robin
  1510 | D:3      | Killed Robin
  1704 | D:3      | Found a broken altar of Ashenzari.
  1715 | D:3      | Noticed Natasha
  1727 | D:3      | Killed Natasha
  1733 | D:3      | Reached XP level 6. HP: 5/53 MP: 8/8
  1755 | D:3      | Reached skill level 5 in Axes
  2059 | D:3      | Noticed Natasha
  2070 | D:3      | Killed Natasha
  2189 | D:3      | Found a glowing silver altar of Zin.
  2262 | D:3      | Found a bloodstained altar of Trog.
  2263 | D:3      | Found a glowing golden altar of the Shining One.
  2315 | D:3      | Found a faded altar of an unknown god.
  2437 | D:3      | Noticed Natasha
  2446 | D:3      | Killed Natasha
  2579 | D:4      | Found a basalt altar of Yredelemnul.
  2652 | D:4      | Reached XP level 7. HP: 49/59 MP: 10/10
  2725 | D:4      | Noticed Pikel
  2738 | D:4      | Blown up by Pikel

Illustrated notes

Levels and vault maps discovered:
D:1:      wander_arrival_fairy_ring, layout_basic,
          minmay_misc_feat_more_columns, nicolae_eternal_life
D:2:      layout_rooms, serial_shops, shop
D:3:      layout_rooms, amcnicky_altar_gilded, nicolae_overflow_two_pavilions,
          mainiacjoe_overflow_24_doors, hellmonk_ecumenical_altar_run_dry,
          kennysheep_generic_room_11, uniq_natasha, uniq_ijyb, uniq_robin,
          uniq_jessica
D:4:      layout_loops_ring, yredelemnul_forgotten_temple_becter, uniq_pikel

Skill      XL: |  1  2  3  4  5  6  7 |
---------------+----------------------+-----
Invocations    | 1 2 |  2.6
Short Blades   | 1 2 |  2.3
Long Blades    | 1 2 |  2.3
Maces & Flails | 1 2 |  2.3
Polearms       | 1 2 |  2.3
Staves         | 1 2 |  2.3
Ranged Weapons | 1 2 |  2.3
Throwing       | 1 2 |  2.3
Dodging        | 1 2 |  2.3
Stealth        | 1 2 |  2.3
Unarmed Combat | 1 2 |  2.3
Spellcasting   | 1 2 |  2.3
Evocations     | 1 2 |  2.3
Conjurations   | 1 |  1.9
Hexes          | 1 |  1.9
Summonings     | 1 |  1.9
Necromancy     | 1 |  1.9
Translocations | 1 |  1.9
Transmutations | 1 |  1.9
Fire Magic     | 1 |  1.9
Ice Magic      | 1 |  1.9
Air Magic      | 1 |  1.9
Earth Magic    | 1 |  1.9
Poison Magic   | 1 |  1.9
Axes           | 5 |  5.2
Fighting       | 7 |  7.0
Armour         | 7 |  7.0
Shields        | 7 |  7.0

Action                   |  1- 3 |  4- 6 |  7- 9 || total
-------------------------+-------+-------+-------++-------
Melee: War axe           |    52 |   172 |    17 ||   241
       Bite              |     2 |    21 |     2 ||    25
       Unarmed           |       |     9 |       ||     9
Throw: Dart              |       |     1 |       ||     1
Evoke: Wand              |       |     8 |       ||     8
  Use: Scroll            |     5 |     1 |     1 ||     7
       Potion            |       |     4 |     2 ||     6
Armor: Scale mail        |    19 |    75 |       ||    94
       Skin              |       |     4 |       ||     4
       Chain mail        |       |    55 |    11 ||    66
Dodge: Dodged            |    28 |    97 |    10 ||   135
Block: Buckler           |     7 |    65 |     6 ||    78

Table legend: (Time is in decaauts)
 A = Elapsed time spent in this place.
 B = Non-inter-level travel time spent in this place.
 C = Inter-level travel time spent in this place.
 D = Time resting spent in this place.
 E = Time spent auto-exploring this place.
 F = Levels seen in this place.
 G = Mean time per level.
                   A        B        C        D        E       F      G
               +--------+--------+--------+--------+--------+-----+--------+
         Total |   2817 |   2684 |    133 |    421 |   1576 |   4 |  704.2 |
       Dungeon |   2817 |   2684 |    133 |    421 |   1576 |   4 |  704.2 |
               +--------+--------+--------+--------+--------+-----+--------+

Top non-repeatable levels by time:
     D:3: 1176 daAuts
     D:1: 795 daAuts
     D:2: 658 daAuts
     D:4: 187 daAuts
